 Dungeon Crawl Stone Soup version 0.19.1-1-g22dce08 (console) character file.

12064 sose the Zephyrmancer (level 11, -8/67 HPs)
             Began as a Tengu Air Elementalist on Jan 7, 2017.
             Was a Believer of Ashenzari.
             Mangled by a komodo dragon (29 damage)
             ... on level 9 of the Dungeon on Jan 8, 2017.
             The game lasted 01:20:33 (13573 turns).

sose the Zephyrmancer (Tengu Air Elementalist)     Turns: 13573, Time: 01:20:34

Health: -8/67      AC: 12    Str: 10    XL:     11   Next: 87%
Magic:  16/24      EV: 18    Int: 18    God:    Ashenzari [**....]
Gold:   406        SH:  0    Dex: 16    Spells: 8 memorised, 5 levels left

rFire  + . .     SeeInvis .     M - +2 dagger (protect)
rCold  . . .     Gourm    .     a - +1 robe
rNeg   + . .     Faith    .     (no shield)
rPois  .         Spirit   .     (helmet restricted)
rElec  .         Reflect  .     h - +2 cloak
rCorr  .         Harm     .     (no gloves)
MR     .....                    (boots unavailable)
Stlth  +++.......               w - amulet of regeneration
                                p - +6 ring of protection
                                n - ring of positive energy

@: repel missiles
A: beak, talons 3, thin skeletal structure 1, fire resistance 1, high mp 1,
evolution 1, able to fly 1
a: Fly, Curse Item, Scrying, Renounce Religion


You were on level 9 of the Dungeon.
You worshipped Ashenzari.
Ashenzari was pleased with you.
You were not hungry.

You visited 3 branches of the dungeon, and saw 11 of its levels.
You also visited: Sewer.

You collected 466 gold pieces.
You spent 60 gold pieces at shops.

Inventory:

Hand Weapons
 u - a +0 blowgun
 G - a +2 whip of freezing
 L - a +2 long sword of holy wrath
 M - a +2 dagger of protection (weapon)
 N - a +1 dagger of chaos
Missiles
 f - 7 javelins of penetration (quivered)
 t - 45 poisoned needles
 D - 142 arrows
 J - 255 stones
Armour
 a - a +1 robe (worn)
 h - a +2 cloak (worn)
Jewellery
 n - a ring of positive energy (left hand)
 p - a +6 ring of protection (right hand)
 v - an uncursed amulet of faith
 w - an amulet of regeneration (around neck)
Wands
 q - a wand of flame (17/48)
 K - a wand of disintegration (9/24)
Scrolls
 i - 4 scrolls of amnesia
 k - a scroll of random uselessness {unknown}
 l - 2 scrolls of recharging
 m - a scroll of magic mapping
 x - a scroll of blinking
 B - a scroll of remove curse
 H - a scroll of vulnerability {unknown}
 O - a scroll of immolation
Potions
 d - a potion of cure mutation
 g - 5 potions of might
 o - 5 potions of curing
 r - 2 potions of agility
 z - 5 potions of brilliance
 C - a potion of magic
 F - a potion of resistance
 I - a potion of experience {unknown}
Books
 b - a book of Air

   Spells                             Type                      Level
   a - Shock                          Conjuration/Air              1
   b - Swiftness                      Charms/Air                   2
   c - Repel Missiles                 Charms/Air                   2
   d - Static Discharge               Conjuration/Air              3
   e - Lightning Bolt                 Conjuration/Air              5
 y - a book of Party Tricks

   Spells                             Type                      Level
   a - Summon Butterflies             Summoning                    1
   b - Apportation                    Translocation                1
   c - Lesser Beckoning               Translocation                3
   d - Tukima's Dance                 Hexes                        3
   e - Alistair's Intoxication        Transmutation/Poison         5
   f - Invisibility                   Hexes                        6
Comestibles
 c - 5 bread rations
 j - 2 beef jerkies
 s - a fruit
 A - 3 royal jellies
 E - 13 chunks of flesh


   Skills:
 + Level 7.0 Fighting
 + Level 8.1 Dodging
 + Level 4.4 Stealth
 + Level 6.7 Spellcasting
 + Level 11.5 Conjurations
 - Level 3.1 Summonings
 - Level 2.5 Translocations
 + Level 12.4 Air Magic


You had 5 spell levels left.
You knew the following spells:

 Your Spells              Type           Power        Failure   Level  Hunger
a - Shock                 Conj/Air       ####         1%          1    None
b - Static Discharge      Conj/Air       #####...     1%          3    ##.....
c - Lightning Bolt        Conj/Air       #####.....   2%          5    #####..
d - Tukima's Dance        Hex            #.......     34%         3    ##.....
r - Repel Missiles        Chrm/Air       ####..       1%          2    None
s - Swiftness             Chrm/Air       ####....     1%          2    None
A - Apportation           Tloc           ###.......   4%          1    None
B - Summon Butterflies    Summ           ###.....     3%          1    None


Dungeon Overview and Level Annotations

Branches:
Dungeon (9/15)             Temple (1/1) D:5            Lair (1/6) D:8
    Orc (0/2) D:9

Altars:
Ashenzari
Cheibriados
Dithmenos
Elyvilon
Fedhas
Gozag
Hepliaklqana
Kikubaaqudgha
Makhleb
Nemelex Xobeh
Okawaru
Qazlal
Ru
Sif Muna
Trog
Uskayaw
Vehumet
Xom
Yredelemnul
Zin
The Shining One

Shops:
D:5 }}?%

Annotations:
D:3 galech's ghost, amateur OgBe
D:5 Prince Ribbit
D:7 1 runed door, exclusion: door, Dowan; Duvessa


Innate Abilities, Weirdness & Mutations

You have a beak for a mouth.
You have claws for feet.
You can fly.
You have a somewhat thin skeletal structure. (Dex +2, Stealth)
Your flesh is heat resistant. (rF+)
You have an increased reservoir of magic. (+10% MP)
You evolve.


Message History

The komodo dragon is struck by lightning.
The komodo dragon is heavily wounded.
The lightning grounds out.
The komodo dragon bites you!!
* * * LOW HITPOINT WARNING * * *
Unknown command.
Unknown command.
You feel much better. The komodo dragon bites you!
Unknown command.
Unknown command.
Casting: Static Discharge
Confirm with . or Enter, or press ? or * to list all spells.
The komodo dragon is struck by lightning.
The komodo dragon is heavily wounded.
The lightning arcs!
You are struck by lightning.
* * * LOW HITPOINT WARNING * * *
The lightning arcs!
The komodo dragon is struck by lightning.
The komodo dragon is severely wounded.
The lightning grounds out.
The komodo dragon bites you!!
You die...

* * #..##*####...#,.#.# , *
#..#. #..#...#..#.# ...
.....,#.........#.# ... ...##
....###....##.##.# .. .C..
##.........##.##.# . *
....,,#.............##.# #
#..#,, .#......######.#
#######..#######.....###.....#
#.[#).#.l#..#..#@....# #.#####
...#........#.:l.....# #.#
..###......###.......###.#
.......###......)........#
........#...........>##..#
.#...#..#..#....##.#.##..#
##...#######....##.#.##..#
.#...#..#..#...###.#.##..###
........#......# .#.##....#


You could see a komodo dragon.

Vanquished Creatures
  Nergalle (Lair:1)
  Pikel (D:4)
  Psyche (D:9)
  5 komodo dragons (Lair:1)
  A queen bee (D:8)
  A hornet (D:8)
  2 trolls (D:9)
  3 hippogriffs
  A shadow (D:8)
  A yak (D:9)
  2 hungry ghosts
  A basilisk (Lair:1)
  A water moccasin (shapeshifter) (D:6)
  3 water moccasins (Lair:1)
  11 orc warriors
  A porcupine (Lair:1)
  A hornet zombie (D:5)
  2 slaves (D:4)
  An ice beast (D:9)
  2 black bears
  2 phantoms
  6 ogres
  A necrophage (D:9)
  5 centaurs
  2 crocodiles (Lair:1)
  7 big kobolds
  3 gnoll sergeants (D:9)
  8 bullfrogs
  4 scorpions
  3 wights (D:8)
  21 killer bees (D:8)
  8 howler monkeys
  5 crimson imps
  A quasit (D:7)
  7 orc priests
  3 bullfrog skeletons
  5 hounds
  9 orc wizards
  A centaur skeleton (D:7)
  An iguana (D:6)
  9 worker ants
  A hound zombie (D:8)
  3 hound skeletons
  A worker ant zombie (D:7)
  6 gnolls
  11 adders
  A shadow imp (D:5)
  4 adder skeletons
  2 adder zombies
  2 dart slugs
  5 worms
  5 leopard geckos
  40 orcs
  9 bats
  9 giant cockroaches
  6 goblins
  5 hobgoblins
  6 jackals
  2 quokkas
  4 ball pythons
  7 frilled lizards
  2 gnoll zombies (D:2)
  A jackal skeleton (D:4)
  21 kobolds
  A leopard gecko skeleton (D:6)
  2 quokka skeletons
  11 rats
  A plant (Sewer)
321 creatures vanquished.

Vanquished Creatures (others)
  An adder (D:4)
1 creature vanquished.

Grand Total: 322 creatures vanquished

Notes
Turn   | Place    | Note
-------+----------+-------------------------------------------
     0 | D:1      | sose the Tengu Air Elementalist began the quest for the Orb.
     0 | D:1      | Reached XP level 1. HP: 10/10 MP: 4/4
   113 | D:1      | Reached XP level 2. HP: 12/15 MP: 3/6
   130 | D:1      | Learned a level 2 spell: Repel Missiles
   133 | D:1      | Learned a level 2 spell: Swiftness
   219 | D:1      | Reached skill level 5 in Air Magic
   473 | D:1      | Reached XP level 3. HP: 19/19 MP: 4/7
  1195 | D:2      | Reached XP level 4. HP: 24/24 MP: 6/9
  1355 | D:2      | Found a basalt altar of Yredelemnul.
  1832 | D:3      | Learned a level 3 spell: Static Discharge
  1835 | D:3      | Learned a level 2 spell: Repel Missiles
  2009 | D:3      | Gained mutation: You can fly. [Tengu growth]
  2009 | D:3      | Reached XP level 5. HP: 28/28 MP: 5/11
  2125 | D:3      | Found a sparkling altar of Nemelex Xobeh.
  2577 | D:4      | Noticed a phantom
  2707 | D:3      | Noticed galech's ghost (amateur OgBe)
  2770 | D:3      | Killed a phantom
  2770 | D:3      | Reached XP level 6. HP: 22/32 MP: 1/12
  3063 | D:4      | Reached skill level 5 in Conjurations
  3070 | D:4      | Reached skill level 6 in Air Magic
  3270 | D:4      | Noticed a slave
  3291 | D:4      | Killed a slave
  3308 | D:4      | Noticed a slave
  3355 | D:4      | Noticed Pikel
  3355 | D:4      | Noticed a slave
  3366 | D:4      | Killed Pikel
  3366 | D:4      | Reached skill level 5 in Spellcasting
  3366 | D:4      | Reached skill level 7 in Air Magic
  3366 | D:4      | Reached XP level 7. HP: 33/36 MP: 5/16
  3366 | D:4      | Reached XP level 8. HP: 38/41 MP: 5/17
  3822 | D:5      | Entered Level 5 of the Dungeon
  3975 | D:5      | Gained mutation: Your flesh is heat resistant. (rF+) [potion of mutation]
  3975 | D:5      | Gained mutation: You evolve. [potion of mutation]
  3975 | D:5      | Gained mutation: You have a somewhat thin skeletal structure. (Dex +2, Stealth) [potion of mutation]
  4004 | D:5      | Found Wuxozu's Gadget Boutique.
  4018 | D:5      | Learned a level 5 spell: Lightning Bolt
  4082 | D:5      | Found Tananim's Gadget Shoppe.
  4089 | D:5      | Found Monakaaf's Magic Scroll Shoppe.
  4098 | D:5      | Found a staircase to the Ecumenical Temple.
  4157 | D:5      | Found an opulent altar of Gozag.
  4157 | D:5      | Found a glowing silver altar of Zin.
  4404 | D:5      | Found Yhuix Ythawn's Food Shop.
  4448 | D:5      | Bought a scroll of teleportation for 30 gold pieces
  4448 | D:5      | Bought a scroll of remove curse for 30 gold pieces
  4499 | D:5      | Reached skill level 8 in Air Magic
  4905 | D:6      | Noticed Prince Ribbit
  4942 | Temple   | Entered the Ecumenical Temple
  5128 | Temple   | Became a worshipper of Ashenzari the Shackled
  5465 | D:6      | Found a glowing drain.
  5474 | Sewer    | Entered a sewer
  5754 | Sewer    | Gained mutation: You have an increased reservoir of magic. (+10% MP) [evolution]
  5906 | D:6      | Reached skill level 9 in Air Magic
  5944 | D:6      | Found an ancient bone altar of Kikubaaqudgha.
  5952 | D:6      | Found a radiant altar of Vehumet.
  5954 | D:6      | Found a stormy altar of Qazlal.
  5954 | D:6      | Found a glowing golden altar of the Shining One.
  6019 | D:6      | Found a stormy altar of Qazlal.
  6019 | D:6      | Reached * piety under Ashenzari
  6277 | D:7      | Noticed a sixfirhy
  6278 | D:7      | Found a runed door.
  6363 | D:7      | Reached skill level 1 in Fighting
  6363 | D:7      | Reached XP level 9. HP: 33/47 MP: 2/20
  6679 | D:7      | Found an iron altar of Okawaru.
  6902 | D:7      | Noticed Dowan
  7088 | D:7      | HP: 1/48 [orc priest/divine providence (16)]
  7572 | D:7      | Reached skill level 10 in Air Magic
  7610 | D:7      | Noticed a hill giant
  7622 | D:7      | Noticed Duvessa
  7834 | D:6      | Gained mutation: Armour fits poorly on your strangely shaped body. [mutagenic meat]
  8117 | D:8      | Reached skill level 5 in Dodging
  8138 | D:8      | Reached XP level 10. HP: 23/57 MP: 3/21
  8325 | D:8      | Reached skill level 11 in Air Magic
  8490 | D:8      | Reached skill level 10 in Conjurations
  8683 | D:8      | Reached skill level 5 in Fighting
  8907 | D:8      | Reached ** piety under Ashenzari
  8927 | D:8      | Learned a level 1 spell: Apportation
  8929 | D:8      | Learned a level 1 spell: Summon Butterflies
  9017 | D:8      | Reached skill level 1 in Summonings
  9497 | D:8      | Found a staircase to the Lair.
  9717 | D:8      | Reached skill level 1 in Translocations
 10026 | Lair:1   | Entered Level 1 of the Lair of Beasts
 10379 | Lair:1   | Reached XP level 11. HP: 51/64 MP: 1/23
 10506 | Lair:1   | Noticed Nergalle
 10573 | Lair:1   | Killed Nergalle
 10704 | Lair:1   | Noticed a four-headed hydra
 11455 | D:9      | Found a staircase to the Orcish Mines.
 11859 | D:9      | Noticed Psyche
 11895 | D:9      | Killed Psyche
 12098 | D:9      | Reached skill level 12 in Air Magic
 12334 | D:9      | Found a bloodstained altar of Trog.
 12550 | D:9      | Noticed a death knight
 12763 | D:9      | Lost mutation: Armour fits poorly on your strangely shaped body. [evolution]
 13448 | D:9      | Learned a level 3 spell: Tukima's Dance
 13560 | D:9      | Noticed a cyclops
 13573 | D:9      | Mangled by a komodo dragon

Skill      XL: |  1  2  3  4  5  6  7  8  9 10 11 |
---------------+----------------------------------+-----
Air Magic      | 5 7 9 10 11 12 | 12.4
Conjurations   | 2 3 4 6 8 9 10 11 | 11.5
Spellcasting   | 3 5 6 |  6.7
Fighting       | 1 4 5 7 |  7.0
Dodging        | 5 6 8 |  8.1
Stealth        | 3 4 |  4.4
Summonings     | 3 |  3.1
Translocations | 2 |  2.5

Action                   |  1- 3 |  4- 6 |  7- 9 | 10-12 || total
-------------------------+-------+-------+-------+-------++-------
Melee: Whip              |    19 |     1 |   156 |   117 ||   293
       Kick              |     4 |     4 |    43 |    58 ||   109
       Peck              |     1 |     3 |    37 |    51 ||    92
       Spear             |       |    35 |    24 |       ||    59
       Dagger            |       |       |       |   138 ||   138
 Fire: Blowgun           |       |       |       |     5 ||     5
Throw: Stone             |     1 |       |       |     3 ||     4
 Cast: Shock             |    45 |   111 |   113 |   181 ||   450
       Swiftness         |     1 |     2 |     4 |     1 ||     8
       Static Discharge  |       |     6 |    70 |   139 ||   215
       Repel Missiles    |       |       |     4 |     2 ||     6
       Lightning Bolt    |       |       |     4 |    14 ||    18
  Use: Scroll            |       |     1 |    17 |     5 ||    23
       Potion            |       |       |    10 |     5 ||    15
 Stab: Sleeping          |       |     2 |     6 |     4 ||    12
  Eat: Chunk             |     1 |     4 |    10 |    15 ||    30
       Bread ration      |       |     1 |       |       ||     1
       Meat ration       |       |       |     1 |     1 ||     2
       Beef jerky        |       |       |     1 |     1 ||     2
       Fruit             |       |       |     3 |     2 ||     5
       Pizza             |       |       |     1 |       ||     1
       Royal jelly       |       |       |       |     4 ||     4
Armor: Robe              |     7 |    37 |   116 |   120 ||   280
Dodge: Dodged            |    15 |    50 |   250 |   413 ||   728
       Deflected         |       |       |    10 |    15 ||    25
